 Dungeon Crawl Stone Soup version 0.19.1-1-g22dce08 (webtiles) character file.

209 dngmouse the Skirmisher (level 5, -4/50 HPs)
             Began as a Deep Dwarf Fighter on Jan 11, 2017.
             Was a Follower of Makhleb.
             Slain by an ogre
             ... wielding a +0 giant club
              (6 damage)
             ... on level 4 of the Dungeon.
             The game lasted 00:19:52 (2158 turns).

dngmouse the Skirmisher (Deep Dwarf Fighter)        Turns: 2158, Time: 00:19:53

Health: -4/50      AC: 11    Str: 20    XL:     5   Next: 55%
Magic:  6/6        EV:  5    Int:  9    God:    Makhleb [*.....]
Gold:   171        SH:  9    Dex: 12    Spells: 0 memorised, 4 levels left

rFire  + . .     SeeInvis .     a - +1 war axe
rCold  . . .     Gourm    .     k - +0 chain mail
rNeg   . . .     Faith    .     c - +0 shield
rPois  +         Spirit   .     (no helmet)
rElec  .         Reflect  .     b - +0 cloak
rCorr  .         Harm     .     (no gloves)
MR     .....                    p - +0 pair of boots
Stlth  ..........               t - amulet of inaccuracy (curse)
                                o - ring of poison resistance
                                g - ring of protection from fire

@: non-regenerating
A: damage resistance, recharge devices, sense surroundings 1, slow regeneration
3
a: Device Recharging, Renounce Religion


You were on level 4 of the Dungeon.
You worshipped Makhleb.
Makhleb was aware of your devotion.
You were not hungry.

You visited 1 branch of the dungeon, and saw 4 of its levels.

You collected 171 gold pieces.

Inventory:

Hand Weapons
 a - a +1 war axe (weapon)
Armour
 b - a +0 cloak (worn)
 c - a +0 shield (worn)
 k - a +0 chain mail (worn)
 p - a +0 pair of boots (worn)
Jewellery
 g - a ring of protection from fire (left hand)
 n - a +6 ring of strength {unknown}
 o - a ring of poison resistance (right hand)
 t - a cursed amulet of inaccuracy (around neck)
Wands
 d - a wand of hasting (0/9)
 e - a wand of heal wounds (2/9)
Scrolls
 h - a scroll of identify
 i - a scroll of amnesia
Potions
 m - a potion of curing
 q - 2 potions of cancellation
 r - a potion of brilliance {unknown}
 s - 2 potions of agility {unknown}
 u - a potion of heal wounds {unknown}
Comestibles
 f - a bread ration
 j - 4 chunks of flesh
 l - 2 meat rations


   Skills:
 * Level 4.3 Fighting
 * Level 4.3 Axes
 - Level 3.2 Armour
 - Level 3.2 Shields
 * Level 1.8 Invocations
 + Level 1.5 Evocations


You had 4 spell levels left.
You didn't know any spells.

Dungeon Overview and Level Annotations

Branches:
Dungeon (4/15)
 Temple: D:4-7

Altars:
Makhleb
Nemelex Xobeh

Annotations:
D:3 Jessica, Natasha, Sigmund


Innate Abilities, Weirdness & Mutations

You are resistant to damage.
You can recharge devices by infusing magical energy.
You passively map a small area around you.
You do not regenerate.


Message History

You block the orc's attack.
The orc priest looks braver for a moment.
The orc hits you but does no damage. The worm barely misses you.
You hit the ogre but do no damage.
The ogre is almost dead.
You miss the orc. You closely miss something. You completely miss the worm.
The ogre hits you but does no damage.
You hear some strange, mumbled words.
Something tries to affect you, but you resist.
The orc priest hits you but does no damage.
The orc hits you but does no damage.
You hit the ogre.
The ogre is almost dead.
Your chain mail prevents you from hitting the worm.
Your chain mail prevents you from hitting something.
You hit the orc.
You kill the orc!
Makhleb accepts your kill. The ogre hits you with a giant club!
You die...

...##....#####.# #..########...##
....#.......#..# #.## #...##
....#.......#.####.##### #.....
.....(.................#####....#
.................................
.....########.###.......###....#.
.....## #..........###..........
......####..........###.........#
...#............@)........##....#
..##.####.......wO.....###*###...
## #..............o..### #...
#..^##)#..........## #.#. #...
#.#...........# #...
#...##.#............. *###.#. ...
......##...##.#.. *#....#.
,................. .......
,...######..... , ,.......


You could see an ogre, a worm and an orc priest.

Vanquished Creatures
  Terence (D:2)
  Ijyb (D:2)
  8 adders
  2 oozes
  3 worms
  2 dart slugs
  4 leopard geckos
  2 orcs (D:4)
  2 ball pythons
  5 bats
  2 giant cockroaches
  4 goblins (D:2)
  7 hobgoblins
  6 jackals
  2 frilled lizards
  10 kobolds
  4 rats
65 creatures vanquished.

Notes
Turn   | Place    | Note
-------+----------+-------------------------------------------
     0 | D:1      | dngmouse the Deep Dwarf Fighter began the quest for the Orb.
     0 | D:1      | Reached XP level 1. HP: 20/20 MP: 1/1
   182 | D:1      | Reached XP level 2. HP: 23/28 MP: 2/2
   298 | D:1      | Found a sparkling altar of Nemelex Xobeh.
   448 | D:1      | Reached XP level 3. HP: 25/34 MP: 3/3
   538 | D:2      | Noticed Ijyb
   542 | D:2      | Noticed Terence
   547 | D:2      | Killed Ijyb
   553 | D:2      | Killed Terence
   553 | D:2      | Reached XP level 4. HP: 30/44 MP: 4/4
   621 | D:2      | Found a burning altar of Makhleb.
   626 | D:2      | Became a worshipper of Makhleb the Destroyer
   819 | D:2      | Found a sparkling altar of Nemelex Xobeh.
   926 | D:2      | Reached skill level 1 in Invocations
  1344 | D:3      | Noticed Sigmund
  1583 | D:3      | Reached XP level 5. HP: 18/50 MP: 5/5
  1598 | D:3      | Reached * piety under Makhleb
  1709 | D:3      | Reached skill level 1 in Evocations
  1712 | D:3      | Noticed Jessica
  1713 | D:3      | Noticed Natasha
  2140 | D:4      | Noticed an ogre
  2152 | D:4      | HP: 2/50 [something/magic dart (4)]
  2158 | D:4      | Slain by an ogre

Skill      XL: |  1  2  3  4  5 |
---------------+----------------+-----
Fighting       | 3 4 |  4.3
Axes           | 3 4 |  4.3
Invocations    | 1 |  1.8
Evocations     | 1 |  1.5
Armour         | |  3.2
Shields        | |  3.2

Action                   |  1- 3 |  4- 6 || total
-------------------------+-------+-------++-------
Melee: War axe           |    75 |   292 ||   367
Evoke: Wand              |       |     3 ||     3
  Use: Potion            |     1 |     4 ||     5
       Scroll            |       |     7 ||     7
  Eat: Chunk             |       |     5 ||     5
Armor: Scale mail        |    20 |       ||    20
       Chain mail        |    27 |   157 ||   184
       Skin              |       |    17 ||    17
Dodge: Dodged            |    20 |    70 ||    90
Block: Shield            |    40 |   149 ||   189
